 Dungeon Crawl Stone Soup version 0.32-a0-350-g4f4d228 (webtiles) character file.

Game seed: 13265759824960971000

81 edsrzf the Conjurer (level 4, 0/34 (36) HPs)
             Began as a Mountain Dwarf Reaver on Feb 17, 2024.
             Slain by an orc
             ... wielding a +0 hand axe
              (7 damage)
             ... on level 2 of the Dungeon.
             The game lasted 00:01:50 (719 turns).

edsrzf the Conjurer (Mountain Dwarf Reaver)          Turns: 719, Time: 00:01:51

HP:   0/34 (36)     AC:  3    Str: 15    XL:     4   Next: 20%
MP:   5/7           EV: 11    Int: 15    God:
Gold: 44            SH:  0    Dex:  8    Spells: 4/7 levels left

rFire   . . .        a - +0 hand axe
rCold   . . .        (no shield)
rNeg    . . .        b - +0 leather armour
rPois   .            (no helmet)
rElec   .            (no cloak)
rCorr   .            (no gloves)
SInv    .            (no boots)
Will    .....        (no amulet)
Stlth   +            (no ring)
HPRegen 0.25/turn    (no ring)
MPRegen 0.10/turn

%: no passive effects
@: drained
A: runic magic, artefact enchanting
a: no special abilities


You were on level 2 of the Dungeon.
You visited 1 branch of the dungeon, and saw 2 of its levels.

You collected 44 gold pieces.

Inventory:

Hand Weapons
 a - a +0 hand axe (weapon)
Armour
 b - a +0 leather armour (worn)
Scrolls
 c - 2 scrolls of identify {unknown}
 e - a scroll of revelation {unknown}
 h - a scroll of amnesia {unknown}
Potions
 f - a potion of magic {unknown}
 g - a potion of lignification {unknown}


   Skills:
 - Level 2.1 Fighting
 - Level 3.6 Axes
 - Level 1.3 Dodging
 - Level 2.0 Spellcasting
 + Level 3.7 Conjurations
 + Level 2.6 Necromancy


You had 4 spell levels left.
You knew the following spells:

 Your Spells              Type           Power      Damage    Failure   Level
a - Kiss of Death         Conj/Necr      44%        2d8       6%          1
b - Momentum Strike       Conj/Tloc      14%        3d8       16%         2

Your spell library contained the following spells:

 Spells                   Type           Power      Damage    Failure   Level
 Hailstorm                Conj/Ice       7%         3d5       32%         3


Dungeon Overview and Level Annotations

Branches:
Dungeon (2/15)

Altars:
Sif Muna


Innate Abilities, Weirdness & Mutations

Your spellcasting is much less encumbered by armour.
You can use scrolls of enchantment on lesser artefacts.


Message History

HP restored.
Found a ring mail.
There is a stone staircase leading down here. 3 orcs come into view.
The orc shouts! x3
The orc moves out of view.
An orc wizard comes into view. It is wielding a +0 dagger.
The orc wizard shouts!
You hit the orc.
The orc is almost dead.
You hit the orc but do no damage. The orc barely misses you.
You hit the orc.
The orc is moderately wounded.
You barely miss the orc. x2; The orc barely misses you.
The orc closely misses you. The orc barely misses you.
You hit the orc.
The orc is almost dead.
You barely miss the orc. x2; The orc misses you.
The orc hits you with a +0 flail. The orc closely misses you.
The orc hits you with a +0 flail.
You hit the orc.
The orc is lightly wounded.
You barely miss the orc. You hit the orc wizard.
The orc hits you but does no damage. x2; The orc wizard misses you.
You barely miss the orc.
The orc is lightly wounded.
You hit the orc.
You kill the orc!
You hit the orc wizard but do no damage.
The orc wizard hits you with a +0 dagger.
The orc hits you with a +0 flail.
Unknown command.
You barely miss the orc.
The orc is lightly wounded.
You hit the orc wizard.
The orc wizard hits you with a +0 dagger.
The orc barely misses you.
You hit the orc.
The orc is severely wounded.
You closely miss the orc wizard.
The orc wizard hits you with a +0 dagger.
The orc closely misses you. The orc misses you.
The orc wizard gestures at you while chanting.
You resist with some effort.
You barely miss the orc wizard.
The orc wizard is moderately wounded.
You barely miss the orc. You hit the orc.
You kill the orc!
The orc wizard gestures at you while chanting.
You resist with some effort. The orc closely misses you.
You hit the orc wizard.
The orc wizard is heavily wounded.
You closely miss the orc. The orc wizard casts a spell at you.
The puff of flame hits you! The orc hits you with a +0 hand axe.
* * * LOW HITPOINT WARNING * * *
You hit the orc wizard but do no damage.
The orc wizard is heavily wounded.
You completely miss the orc.
The orc wizard gestures at you while chanting.
You resist with some effort. The orc completely misses you.
Okay, then.
It was a potion of curing.
You feel better.
The orc wizard hits you with a +0 dagger.
The orc barely misses you.
You hit the orc wizard but do no damage.
The orc wizard is heavily wounded.
You hit the orc but do no damage.
The orc wizard hits you with a +0 dagger.
The orc barely misses you.
You hit the orc wizard.
The orc wizard is severely wounded.
You hit the orc but do no damage.
The orc wizard gestures at you while chanting.
The puff of flame misses you. The orc hits you with a +0 hand axe.
* * * LOW HITPOINT WARNING * * *
Okay, then.
Cast which spell? (? or * to list)
Aiming: Kiss of Death (safe; 7% risk of failure)
Press: ? - help, Shift-Dir - straight line, f - orc wizard
Aim: an orc wizard, wielding a +0 dagger and wearing a +0 robe (severely wounded, 100% to hit)
The fragment of death hits the orc wizard.
The orc wizard is drained!
You kill the orc wizard!
You feel drained. The orc barely misses you.
You have reached level 4!
You feel stronger.
You hit the orc but do no damage.
The orc is almost dead.
The orc hits you with a +0 hand axe.
* * * LOW HITPOINT WARNING * * *
The orc hits you with a +0 hand axe.
* * * LOW HITPOINT WARNING * * *
You barely miss the orc.
The orc is almost dead.
The orc closely misses you.
You barely miss the orc.
The orc is almost dead.
The orc hits you with a +0 hand axe!
You die...

#.......# #[......# #.......#
#.......# ##### ###.......#
...... ..........######......
###...........)o...... .
..........>..)@.......
..##..#....#######.?....
......#.....# .....
.###..#..##.## ####
#...##..#....####
#...#...#........
#...#..###..##.#[#######
#####
##..#...#..#.#.......####...#
#...#...#..#.##........##...#


You could see an orc.

Vanquished Creatures
  An orc wizard (D:2)
  An adder (D:2)
  A dart slug (D:2)
  2 orcs (D:2)
  An endoplasm (D:1)
  A giant cockroach (D:1)
  2 goblins
  A quokka (D:1)
  3 ball pythons (D:1)
  2 bats
  7 frilled lizards
  4 kobolds
  3 rats
29 creatures vanquished.

Notes
Turn   | Place    | Note
-------+----------+-------------------------------------------
     0 | D:1      | edsrzf the Mountain Dwarf Reaver began the quest for the
                  | Orb.
     0 | D:1      | Reached XP level 1. HP: 17/17 MP: 3/3
    66 | D:1      | Reached skill level 2 in Spellcasting
    76 | D:1      | Reached skill level 3 in Conjurations
   100 | D:1      | Reached XP level 2. HP: 24/24 MP: 5/5
   143 | D:1      | Reached skill level 1 in Necromancy
   570 | D:2      | Found a shimmering blue altar of Sif Muna.
   573 | D:2      | Reached XP level 3. HP: 29/29 MP: 6/6
   576 | D:2      | Learned a level 2 spell: Momentum Strike
   648 | D:2      | Reached skill level 2 in Necromancy
   713 | D:2      | Identified a potion of curing
   717 | D:2      | Reached XP level 4. HP: 11/34 MP: 5/7
   719 | D:2      | Slain by an orc

Illustrated notes

Levels and vault maps discovered:
D:1:      ldierk_walled_garden_2, layout_basic, minmay_lizard_pond
D:2:      layout_rooms, shapermc_ecumenical_altar_rom_forum, basic_altar,
          nicolae_titane

Skill      XL: |  1  2  3 |
---------------+----------+-----
Spellcasting   | 2 |  2.0
Conjurations   | 3 |  3.7
Necromancy     | 1 2 |  2.6
Fighting       | |  2.1
Axes           | |  3.6
Dodging        | |  1.3

Action                     |  1- 3 |  4- 6 || total
---------------------------+-------+-------++-------
  Melee: Hand axe          |    96 |     3 ||    99
   Cast: Kiss of Death     |     1 |       ||     1
    Use: Potion            |     1 |       ||     1
 Armour: Leather armour    |    67 |     3 ||    70
  Dodge: Dodged            |    78 |     1 ||    79

Table legend: (Time is in decaauts)
 A = Elapsed time spent in this place.
 B = Non-inter-level travel time spent in this place.
 C = Inter-level travel time spent in this place.
 D = Time resting spent in this place.
 E = Time spent auto-exploring this place.
 F = Levels seen in this place.
 G = Mean time per level.
                   A        B        C        D        E       F      G
               +--------+--------+--------+--------+--------+-----+--------+
         Total |    730 |    715 |     15 |     94 |    408 |   2 |  365.0 |
       Dungeon |    730 |    715 |     15 |     94 |    408 |   2 |  365.0 |
               +--------+--------+--------+--------+--------+-----+--------+

Top non-repeatable levels by time:
     D:1: 544 daAuts
     D:2: 186 daAuts
